 Dungeon Crawl Stone Soup version 0.31-a0-700-gf13585253f (webtiles) character file.

Game seed: 5125315394014954783

8561 qw the Skirmisher (level 11, -1/71 HPs)
             Began as a Gargoyle Hunter on Sept 7, 2023.
             Slain by Snorg (22 damage)
             ... on level 11 of the Dungeon.
             The game lasted 00:04:08 (9450 turns).

qw the Skirmisher (Gargoyle Hunter)                 Turns: 9450, Time: 00:04:08

Health: -1/71      AC: 21    Str: 16    XL:     11   Next: 32%
Magic:  11/11      EV: 16    Int:  9    God:
Gold:   786        SH:  0    Dex: 23    Spells: 10/10 levels left

rFire   . . .        Y - +0 orcbow
rCold   . . .        (shield currently unavailable)
rNeg    + . .        s - +0 steam dragon scales
rPois   inf          r - +1 helmet
rElec   +            (no cloak)
rCorr   .            h - +0 pair of gloves
SInv    .            (no boots)
Will    .....        k - amulet of faith
Stlth   ++           p - +6 ring of dexterity
HPRegen 0.31/turn    i - +4 ring of protection
MPRegen 0.12/turn

%: faith
@: no status effects
A: sickness immunity, AC +8, negative energy resistance 1, electricity
resistance, torment resistance 1, petrification resistance
a: no special abilities


You were on level 11 of the Dungeon.
You visited 2 branches of the dungeon, and saw 12 of its levels.
You also visited: Sewer and Ossuary.

You collected 1457 gold pieces.
You spent 671 gold pieces at shops.


Innate Abilities, Weirdness & Mutations

You are immune to sickness and miasma.
Your stone body is resilient. (AC +8)
You are immune to poison.
You resist negative energy. (rN+)
You are resistant to electric shocks. (rElec)
You are resistant to unholy torment.
You are immune to petrification.


   Skills:
 - Level 9.0 Fighting
 + Level 13.8 Ranged Weapons
 - Level 4.0 Armour
 - Level 5.8 Dodging
 - Level 1.1 Stealth


You had 10 spell levels left.
You didn't know any spells.
Your spell library was empty.

Inventory:

Hand Weapons
 Y - a +0 orcbow (weapon)
Armour
 h - a +0 pair of gloves (worn)
 r - a +1 helmet (worn)
 s - +0 steam dragon scales (worn)
Jewellery
 i - a +4 ring of protection (right hand)
 k - an amulet of faith (around neck)
 m - a ring of protection from fire
 p - a +6 ring of dexterity (left hand)
Scrolls
 a - a scroll of noise {unknown}
 d - a scroll of teleportation
 g - 7 scrolls of identify
Potions
 b - 3 potions of haste
 c - 2 potions of mutation
 f - a potion of heal wounds
 j - 5 potions of curing
 n - 6 potions of resistance
 o - 6 potions of might

Dungeon Overview and Level Annotations

Branches:
Dungeon (11/15)            Temple (1/1) D:4            Lair (0/5) D:8
    Orc (0/2) D:10          Sewer (visited)         Ossuary (visited)

Altars:
Ashenzari
Cheibriados
Dithmenos
Elyvilon
Fedhas
Gozag
Hepliaklqana
Kikubaaqudgha
Makhleb
Nemelex Xobeh
Okawaru
Qazlal
Ru
Sif Muna
Trog
Uskayaw
Vehumet
Wu Jian
Xom
Yredelemnul
Zin
The Shining One

Shops:
D:6 *

Annotations:
D:7 Maggie
D:8 2 transporters
D:11 Snorg


Message History

9438 ||| RETREATING.
You shoot an arrow. The arrow hits the two-headed ogre!
The two-headed ogre is severely wounded.
The two-headed ogre hits you with a +0 giant club!
The two-headed ogre hits you but does no damage.
You shoot an arrow. The arrow hits the two-headed ogre.
The two-headed ogre is severely wounded.
You shoot an arrow.
The arrow hits the two-headed ogre but does no damage.
The two-headed ogre is severely wounded.
The two-headed ogre closely misses you. The two-headed ogre barely misses you.
You shoot an arrow. The arrow hits the two-headed ogre!!
You kill the two-headed ogre!
Snorg goes berserk!
You shoot an arrow. The arrow closely misses Snorg.
Snorg bites you. Snorg completely misses you. Snorg claws you!
You shoot an arrow. The arrow hits Snorg!!
Snorg is lightly wounded.
Snorg bites you but does no damage. Snorg misses you.
Snorg claws you but does no damage.
You shoot an arrow. The arrow barely misses Snorg.
Snorg completely misses you. Snorg barely misses you. Snorg closely misses you.
Snorg misses you. Snorg claws you. Snorg barely misses you.
You shoot an arrow. The arrow hits Snorg.
Snorg is lightly wounded.
Snorg bites you. Snorg barely misses you. Snorg claws you!
You shoot an arrow. The arrow hits Snorg.
Snorg is lightly wounded.
Snorg closely misses you. x2; Snorg claws you.
You shoot an arrow. The arrow barely misses Snorg.
Snorg barely misses you. Snorg claws you! Snorg claws you but does no damage.
You shoot an arrow.
The arrow hits Snorg but does no damage.
Snorg is lightly wounded.
Snorg completely misses you. Snorg misses you. Snorg barely misses you.
You shoot an arrow. The arrow hits Snorg!
Snorg is lightly wounded.
Snorg misses you. Snorg claws you. Snorg completely misses you.
Snorg bites you!!
You die...

.. ...# ... .....
## ...##.... ..
#....... .# ......
..## ...##.?.#
#T)..# ##.@..#
#####....###.
#.(...........
###......)..#...
#..<.............
#..........!.....
...................
##.#...............
#.#..###..#.......


You could see Snorg (berserk).

Vanquished Creatures
  2 two-headed ogres
  Psyche (D:10)
  A troll (D:10)
  A hornet (D:9)
  Grinder (D:3)
  A vampire (D:10)
  A wyvern (D:9)
  4 steam dragons
  9 yaks (D:10)
  An acid dragon (D:8)
  A water moccasin (D:9)
  Pargi (Sewer)
  An ice beast (D:6)
  4 orc warriors
  3 sky beasts (D:9)
  5 black bears
  2 ogres
  3 centaurs
  2 phantoms (D:5)
  A kobold brigand (D:6)
  4 bullfrogs
  6 scorpions
  3 water moccasin zombies (Ossuary)
  4 wights (D:9)
  4 killer bees (D:10)
  7 howler monkeys
  A hound (D:7)
  2 jellies
  3 orc priests
  3 sleepcaps
  Ijyb (D:3)
  Jessica (D:3)
  7 orc wizards
  3 iguanas
  3 mummies
  9 gnolls
  8 adders
  2 white imps
  3 adder zombies (Ossuary)
  3 worms
  3 dart slugs
  21 orcs
  9 bats
  4 endoplasms
  4 giant cockroaches
  7 gnoll zombies (Ossuary)
  5 goblins
  7 hobgoblins
  2 jackals (D:2)
  8 quokkas
  8 ball pythons
  A frilled lizard (D:1)
  7 hobgoblin zombies
  9 kobolds
  9 kobold zombies
  7 orc zombies
  7 rats
240 creatures vanquished.

Notes
Turn   | Place    | Note
-------+----------+-------------------------------------------
     0 | D:1      | qw the Gargoyle Hunter began the quest for the Orb.
     0 | D:1      | Reached XP level 1. HP: 12/12 MP: 1/1
     0 | D:1      | 0 ||| qw: Version: 0.3-a-76-g4403597
     0 | D:1      | 0 ||| qw: Game counter: 608
     0 | D:1      | 0 ||| qw: Melee chars always use a shield: true
     0 | D:1      | 0 ||| qw: God list: Okawaru
     0 | D:1      | 0 ||| qw: Allow faded altars: false
     0 | D:1      | 0 ||| qw: Do Orc after clearing Dungeon:15 true
     0 | D:1      | 0 ||| qw: Do second Lair branch before Depths: true
     0 | D:1      | 0 ||| qw: Lair rune preference: random
     0 | D:1      | 0 ||| qw: Goals: Normal
     0 | D:1      | 0 ||| PLANNING D:1-11
   178 | D:1      | Reached XP level 2. HP: 17/17 MP: 2/2
   686 | D:1      | Reached XP level 3. HP: 21/21 MP: 3/3
   715 | D:1      | Reached skill level 5 in Ranged Weapons
   950 | D:1      | 950 ||| UPGRADING to +0 ring mail.
   960 | D:1      | 960 ||| DROPPING +0 leather armour.
   961 | D:1      | 961 ||| UPGRADING to +4 ring of slaying {mikee}.
   962 | D:1      | 962 ||| READING scroll labelled CYZUYSK UDUWAF.
   963 | D:1      | 963 ||| READING 3 scrolls labelled YFIPNI FOUV.
   964 | D:1      | 964 ||| READING scroll labelled MOTEAR ATZUOS.
   968 | D:1      | 968 ||| READING scroll labelled VAQUTHRYSSI.
  1069 | D:1      | 1069 ||| READING scroll labelled QOOCUO MEYHUNG.
  1070 | D:1      | 1070 ||| READING scroll labelled BEAPLU PUPSOR.
  1071 | D:1      | 1071 ||| DRINKING 2 murky emerald potions.
  1072 | D:1      | 1072 ||| DROPPING scroll of butterflies.
  1384 | D:2      | Reached skill level 1 in Armour
  1740 | D:2      | Reached skill level 3 in Fighting
  1740 | D:2      | Reached XP level 4. HP: 28/28 MP: 4/4
  1868 | D:2      | 1868 ||| UPGRADING to +0 pair of gloves.
  1873 | D:2      | 1873 ||| READING scroll labelled HERYOS FOIRE.
  1874 | D:2      | 1874 ||| READING scroll labelled YMONEN XIOFO.
  1875 | D:2      | 1875 ||| READING scroll labelled AWIFIQ XIWILL.
  1876 | D:2      | 1876 ||| DRINKING 2 glowing yellow potions.
  1877 | D:2      | 1877 ||| READING 2 scrolls of identify.
  1877 | D:2      | 1877 ||| IDENTIFYING sedimented cyan potion
  1878 | D:2      | 1878 ||| DROPPING potion of magic.
  1933 | D:3      | Noticed Ijyb
  1942 | D:3      | Killed Ijyb
  2009 | D:3      | Noticed Jessica
  2012 | D:3      | Killed Jessica
  2013 | D:3      | Reached XP level 5. HP: 32/32 MP: 5/5
  2072 | D:3      | Reached skill level 6 in Ranged Weapons
  2217 | D:3      | Noticed Grinder
  2224 | D:3      | Killed Grinder
  2225 | D:3      | Reached XP level 6. HP: 18/40 MP: 6/6
  2635 | D:3      | 2635 ||| UPGRADING to +2 robe.
  2645 | D:3      | 2645 ||| DROPPING +0 ring mail.
  2646 | D:3      | 2646 ||| UPGRADING to amulet of faith.
  2651 | D:3      | 2651 ||| READING scroll labelled SOERGHACIOT.
  2652 | D:3      | 2652 ||| DRINKING 2 murky silvery potions.
  2653 | D:3      | 2653 ||| DRINKING 2 fizzy golden potions.
  2654 | D:3      | 2654 ||| DROPPING potion of invisibility.
  2699 | D:4      | 2699 ||| PLANNING SEWER
  2813 | D:4      | Reached XP level 7. HP: 44/44 MP: 7/7
  2856 | D:4      | Reached skill level 7 in Ranged Weapons
  2888 | D:4      | Found a staircase to the Ecumenical Temple.
  3002 | D:4      | Found a glowing drain.
  3003 | D:4      | 3003 ||| READING 3 scrolls of identify.
  3003 | D:4      | 3003 ||| IDENTIFYING fizzy cyan potion
  3004 | D:4      | 3004 ||| DROPPING potion of degeneration.
  3012 | Sewer    | Entered a sewer
  3083 | Sewer    | Noticed Pargi
  3098 | Sewer    | Killed Pargi
  3192 | Sewer    | 3192 ||| READING 2 scrolls of identify.
  3192 | Sewer    | 3192 ||| IDENTIFYING glowing white potion
  3206 | D:4      | 3206 ||| PLANNING TEMPLE
  3210 | D:4      | 3210 ||| Stepping ~*~*~tactically~*~*~ (water).
  3227 | Temple   | Entered the Ecumenical Temple
  3228 | Temple   | 3228 ||| PLANNING D:1-11
  3420 | D:4      | Reached XP level 8. HP: 34/50 MP: 8/8
  3533 | D:4      | 3533 ||| DRINKING 2 fuming clear potions.
  3534 | D:4      | 3534 ||| DROPPING potion of brilliance.
  3565 | D:5      | Entered Level 5 of the Dungeon
  3566 | D:5      | 3566 ||| PLANNING OSSUARY
  3572 | D:5      | Reached skill level 8 in Ranged Weapons
  3798 | D:5      | Reached skill level 9 in Ranged Weapons
  3841 | D:5      | Reached skill level 6 in Fighting
  3845 | D:5      | 3845 ||| DRINKING 2 potions of curing.
  3845 | D:5      | 3845 ||| (to cure confusion)
  4138 | D:5      | Found a sand-covered staircase.
  4139 | D:5      | 4139 ||| READING scroll labelled YFOLLE FUOD.
  4139 | D:5      | Identified a scroll of acquirement
  4139 | D:5      | 4139 ||| ACQUIRING 835 gold pieces
  4139 | D:5      | Acquired 835 gold pieces
  4141 | D:5      | 4141 ||| READING scroll labelled IFECZU OXIOGOPP.
  4142 | D:5      | 4142 ||| DRINKING 2 metallic green potions.
  4146 | D:5      | 4146 ||| STAIRDANCE
  4248 | D:4      | 4248 ||| DRINKING 2 coppery potions.
  4249 | D:4      | 4249 ||| READING 4 scrolls of identify.
  4249 | D:4      | 4249 ||| IDENTIFYING lumpy inky potion
  4250 | D:4      | 4250 ||| DROPPING potion of berserk rage.
  4264 | Ossuary  | Entered an ossuary
  4432 | Ossuary  | Reached skill level 10 in Ranged Weapons
  4454 | Ossuary  | 4454 ||| READING scroll of enchant weapon.
  4454 | Ossuary  | 4454 ||| ENCHANTING +1 shortbow.
  4469 | D:5      | 4469 ||| PLANNING D:1-11
  4653 | D:6      | Found a burning altar of Makhleb.
  4653 | D:6      | Found a bloodstained altar of Trog.
  4691 | D:6      | Reached skill level 3 in Dodging
  4743 | D:6      | Reached XP level 9. HP: 56/56 MP: 9/9
  4983 | D:6      | 4983 ||| SWAPPING to +0 orcbow.
  4984 | D:6      | 4984 ||| DROPPING +2 shortbow.
  5075 | D:6      | Found Pyukuc's Practical Paraphernalia.
  5084 | D:6      | 5084 ||| BUYING +4 ring of protection (396 gold).
  5084 | D:6      | Bought a +4 ring of protection for 396 gold pieces
  5084 | D:6      | 5084 ||| BUYING ring of protection from fire (275 gold).
  5084 | D:6      | Bought a ring of protection from fire for 275 gold pieces
  5475 | D:6      | 5475 ||| UPGRADING to +4 ring of protection.
  5740 | D:7      | Reached skill level 11 in Ranged Weapons
  5771 | D:7      | Noticed Maggie
  5788 | D:7      | HP: 13/57 [Maggie/+2 heavy war axe (12)]
  5789 | D:7      | 5789 ||| READING 3 scrolls of teleportation.
  5790 | D:7      | 5790 ||| DRINKING 3 potions of heal wounds.
  5819 | D:7      | HP: 13/57 [Maggie/bolt of fire (6)]
  5820 | D:7      | 5820 ||| READING 2 scrolls of teleportation.
  5821 | D:7      | 5821 ||| DRINKING 2 potions of heal wounds.
  5915 | D:7      | Found a white marble altar of Elyvilon.
  6380 | D:7      | 6380 ||| UPGRADING to +1 helmet.
  6385 | D:7      | 6385 ||| UPGRADING to +0 steam dragon scales.
  6395 | D:7      | 6395 ||| DROPPING +2 robe.
  6396 | D:7      | 6396 ||| UPGRADING to +6 ring of dexterity.
  6398 | D:7      | 6398 ||| DROPPING +4 ring of slaying {mikee}.
  6399 | D:7      | 6399 ||| DRINKING 2 bubbling clear potions.
  6438 | D:7      | 6438 ||| DROPPING potion of lignification.
  6492 | D:8      | Noticed a troll
  6494 | D:8      | Noticed a white ugly thing
  6495 | D:8      | Noticed a manticore
  6495 | D:8      | Noticed a freezing wraith
  6496 | D:8      | Found a transporter.
  6496 | D:8      | Noticed a deep elf pyromancer
  6566 | D:8      | Found a transporter.
  6611 | D:8      | 6611 ||| RETREATING.
  6617 | D:8      | 6617 ||| Stepping ~*~*~tactically~*~*~ (retreating).
  6620 | D:8      | 6620 ||| Stepping ~*~*~tactically~*~*~ (retreating).
  6657 | D:8      | Reached skill level 3 in Armour
  6747 | D:8      | Found a staircase to the Lair.
  6852 | D:8      | Reached XP level 10. HP: 60/64 MP: 10/10
  7016 | D:8      | Found a glowing silver altar of Zin.
  7272 | D:8      | 7272 ||| READING scroll labelled QYHURI ZYNYXKA.
  7343 | D:9      | 7343 ||| STAIRDANCE
  7419 | D:9      | 7419 ||| FLEEEEING.
  7420 | D:9      | 7420 ||| FLEEEEING.
  7421 | D:9      | 7421 ||| FLEEEEING.
  7425 | D:9      | 7425 ||| STAIRDANCE
  7526 | D:9      | Found a blossoming altar of Fedhas.
  7679 | D:9      | Found an iron altar of Okawaru.
  7680 | D:9      | 7680 ||| PLANNING OKAWARU WORSHIP
  7760 | D:9      | 7760 ||| Stepping ~*~*~tactically~*~*~ (retreating).
  7761 | D:9      | 7761 ||| Stepping ~*~*~tactically~*~*~ (retreating).
  7762 | D:9      | 7762 ||| Stepping ~*~*~tactically~*~*~ (retreating).
  7770 | D:9      | Reached skill level 12 in Ranged Weapons
  7778 | D:9      | Noticed a two-headed ogre
  7779 | D:9      | 7779 ||| Stepping ~*~*~tactically~*~*~ (retreating).
  7780 | D:9      | 7780 ||| Stepping ~*~*~tactically~*~*~ (retreating).
  7784 | D:9      | 7784 ||| FLEEEEING.
  7785 | D:9      | 7785 ||| FLEEEEING.
  7786 | D:9      | 7786 ||| FLEEEEING.
  7787 | D:9      | 7787 ||| FLEEEEING.
  7788 | D:9      | 7788 ||| FLEEEEING.
  7789 | D:9      | 7789 ||| FLEEEEING.
  7790 | D:9      | 7790 ||| FLEEEEING.
  7791 | D:9      | 7791 ||| RETREATING.
  7794 | D:9      | 7794 ||| FLEEEEING.
  7795 | D:9      | 7795 ||| FLEEEEING.
  7796 | D:9      | 7796 ||| FLEEEEING.
  7797 | D:9      | 7797 ||| FLEEEEING.
  7798 | D:9      | 7798 ||| FLEEEEING.
  7799 | D:9      | 7799 ||| FLEEEEING.
  7800 | D:9      | 7800 ||| Stepping ~*~*~tactically~*~*~ (retreating).
  7802 | D:9      | 7802 ||| Stepping ~*~*~tactically~*~*~ (retreating).
  7803 | D:9      | 7803 ||| Stepping ~*~*~tactically~*~*~ (retreating).
  7804 | D:9      | 7804 ||| Stepping ~*~*~tactically~*~*~ (retreating).
  7805 | D:9      | 7805 ||| Stepping ~*~*~tactically~*~*~ (retreating).
  7807 | D:9      | 7807 ||| FLEEEEING.
  7808 | D:9      | 7808 ||| FLEEEEING.
  7809 | D:9      | 7809 ||| FLEEEEING.
  7810 | D:9      | 7810 ||| FLEEEEING.
  7811 | D:9      | 7811 ||| FLEEEEING.
  7812 | D:9      | 7812 ||| FLEEEEING.
  7813 | D:9      | 7813 ||| FLEEEEING.
  7814 | D:9      | 7814 ||| FLEEEEING.
  7815 | D:9      | 7815 ||| FLEEEEING.
  7816 | D:9      | 7816 ||| FLEEEEING.
  7817 | D:9      | 7817 ||| FLEEEEING.
  7818 | D:9      | 7818 ||| FLEEEEING.
  7819 | D:9      | 7819 ||| FLEEEEING.
  7820 | D:9      | 7820 ||| FLEEEEING.
  7821 | D:9      | 7821 ||| FLEEEEING.
  7822 | D:9      | 7822 ||| FLEEEEING.
  7823 | D:9      | 7823 ||| FLEEEEING.
  7824 | D:9      | 7824 ||| FLEEEEING.
  7825 | D:9      | 7825 ||| FLEEEEING.
  7826 | D:9      | 7826 ||| FLEEEEING.
  7827 | D:9      | 7827 ||| FLEEEEING.
  7828 | D:9      | 7828 ||| FLEEEEING.
  7829 | D:9      | 7829 ||| STAIRDANCE
  7867 | D:9      | Killed a two-headed ogre
  7932 | D:9      | 7932 ||| Stepping ~*~*~tactically~*~*~ (retreating).
  7934 | D:9      | 7934 ||| Stepping ~*~*~tactically~*~*~ (retreating).
  7935 | D:9      | 7935 ||| Stepping ~*~*~tactically~*~*~ (retreating).
  7936 | D:9      | 7936 ||| Stepping ~*~*~tactically~*~*~ (retreating).
  7937 | D:9      | 7937 ||| Stepping ~*~*~tactically~*~*~ (retreating).
  7996 | D:9      | 7996 ||| FLEEEEING.
  8141 | D:9      | 8141 ||| PLANNING D:1-11
  8194 | D:10     | Entered Level 10 of the Dungeon
  8196 | D:10     | 8196 ||| STAIRDANCE
  8220 | D:9      | 8220 ||| PLANNING OKAWARU WORSHIP
  8220 | D:9      | 8220 ||| PLANNING D:1-11
  8221 | D:9      | 8221 ||| PLANNING OKAWARU WORSHIP
  8227 | D:9      | 8227 ||| PLANNING D:1-11
  8273 | D:10     | Found a staircase to the Orcish Mines.
  8345 | D:10     | 8345 ||| DRINKING 4 potions of curing.
  8345 | D:10     | 8345 ||| (to cure confusion)
  8369 | D:10     | Found a shimmering altar of Xom.
  8384 | D:10     | 8384 ||| RETREATING.
  8389 | D:10     | 8389 ||| RETREATING.
  8394 | D:10     | 8394 ||| Stepping ~*~*~tactically~*~*~ (retreating).
  8553 | D:10     | Reached skill level 13 in Ranged Weapons
  8594 | D:10     | Reached XP level 11. HP: 51/69 MP: 11/11
  8765 | D:10     | Reached skill level 9 in Fighting
  8886 | D:10     | 8886 ||| Stepping ~*~*~tactically~*~*~ (retreating).
  9244 | D:10     | 9244 ||| DROPPING ring of see invisible.
  9271 | D:11     | Noticed Psyche
  9274 | D:11     | 9274 ||| STAIRDANCE
  9390 | D:11     | 9390 ||| STAIRDANCE
  9394 | D:10     | Killed Psyche
  9432 | D:11     | Noticed a two-headed ogre
  9437 | D:11     | Noticed Snorg
  9438 | D:11     | 9438 ||| RETREATING.
  9442 | D:11     | Killed a two-headed ogre
  9450 | D:11     | Slain by Snorg

Levels and vault maps discovered:
D:1:      dpeg_arrival_tiny_f, layout_loops_corners
D:2:      layout_basic, cheibrodos_gnoll_hut
D:3:      layout_loops_cross, uniq_ijyb, uniq_jessica, uniq_grinder
D:4:      layout_basic, minmay_temple_entry_stoned_glass, portal_sewer_entry_f
D:5:      layout_gridville, chequers_ossuary_entry_cave, hangedman_decor_lopped,
          kennysheep_flooded_box, minmay_mini_ossuary
D:6:      layout_basic, gammafunk_temple_overflow_elements,
          chequers_decorated_corner, nicolae_alphabet_shops, abandoned_shop,
          small_statue_alley_b
D:7:      layout_gridville, mainiacjoe_overflow_alcove_2, uniq_maggie
D:8:      gammafunk_sealed_arena, layout_basic, mainiacjoe_overflow_boulevard,
          grunt_lair_entry_orc_guard_hut
D:9:      layout_rooms, mainiacjoe_overflow_alcove_1, general_overflow_altar,
          grunt_ogre_cave, hangedman_misty_isle
D:10:     layout_roguey, lemuel_round_altar, orc_0_dummy,
          kennysheep_cross_bottleneck, minivault_5
D:11:     layout_cave_pools, gammafunk_ghost_stat_death,
          grunt_dithmenos_shadows, uniq_snorg, uniq_nergalle, uniq_psyche
Temple:   nicolae_temple_superstar

Skill      XL: |  1  2  3  4  5  6  7  8  9 10 11 |
---------------+----------------------------------+-----
Ranged Weapons | 5 6 7 10 11 13 | 13.8
Armour         | 1 3 4 |  4.0
Fighting       | 3 5 6 8 9 |  9.0
Dodging        | 2 3 4 5 |  5.8
Stealth        | |  1.1

Action                     |  1- 3 |  4- 6 |  7- 9 | 10-12 || total
---------------------------+-------+-------+-------+-------++-------
   Fire: Shortbow          |    82 |    89 |   299 |       ||   470
         Orcbow            |       |       |   117 |   302 ||   419
    Use: Scroll            |     6 |     5 |     8 |     1 ||    20
         Potion            |     1 |     3 |     7 |     1 ||    12
 Armour: Leather armour    |    14 |       |       |       ||    14
         Ring mail         |     5 |    23 |       |       ||    28
         Robe              |       |       |    87 |       ||    87
         Steam dragon scal |       |       |    16 |   123 ||   139
  Dodge: Dodged            |    17 |    26 |   113 |   125 ||   281

Table legend:
 A = Non-vault XP
 B = Vault XP
 C = Vault XP percentage of total XP
 D = Non-vault monster count
 E = Vault monster count
 F = Vault count percentage of total count
                 A         B        C        D         E       F
            +---------+---------+-------+---------+---------+-------
      Total |    9368 |    2863 |  23.4 |     171 |      69 |  28.8
            +---------+---------+-------+---------+---------+-------
        D:1 |      39 |       0 |   0.0 |      21 |       0 |   0.0
        D:2 |      35 |      18 |  34.0 |      13 |       3 |  18.8
        D:3 |     115 |     342 |  74.8 |      23 |       3 |  11.5
        D:4 |     501 |       8 |   1.6 |      13 |       4 |  23.5
        D:5 |     620 |      22 |   3.4 |      17 |       5 |  22.7
        D:6 |     927 |       0 |   0.0 |      16 |       0 |   0.0
        D:7 |     543 |       0 |   0.0 |      17 |       0 |   0.0
        D:8 |     428 |     666 |  60.9 |       6 |       6 |  50.0
        D:9 |    2391 |     993 |  29.3 |      20 |       7 |  25.9
       D:10 |    2945 |     353 |  10.7 |      24 |       1 |   4.0
       D:11 |     824 |       0 |   0.0 |       1 |       0 |   0.0
      Sewer |       0 |     144 | 100.0 |       0 |       6 | 100.0
    Ossuary |       0 |     317 | 100.0 |       0 |      34 | 100.0
            +---------+---------+-------+---------+---------+-------
